 Seeded DCSS version 0.28.0-47-ge53b351184 (webtiles) character file.

Game seed: 18446744073709551615 (custom seed)

247 joe1234567 the Sneak (level 6, -3/41 HPs)
             Began as an Octopode Brigand on May 2, 2022.
             Was a Follower of Makhleb.
             Slain by Grinder (5 damage)
             ... on level 3 of the Dungeon.
             The game lasted 00:14:40 (2332 turns).

joe1234567 the Sneak (Octopode Brigand)             Turns: 2332, Time: 00:14:41

Health: -3/41      AC:  1    Str:  9 (10) XL:     6   Next: 11%
Magic:  6/6        EV: 13    Int: 13 (16) God:    Makhleb [*.....]
Gold:   105        SH:  0    Dex: 12 (13) Spells: 5/5 levels left

rFire   . . .      SeeInvis .   g - +0 scythe
rCold   . . .      Faith    .   (shield currently unavailable)
rNeg    . . .      Spirit   .   (helmet restricted)
rPois   .          Reflect  .   (no amulet)
rElec   .          Harm     .   f - ring of flight
rCorr   .          Rampage  .   (no ring)
Will    .....                   (no ring)
Stlth   +++++.....              (no ring)
HPRegen 0.13/turn               (no ring)
MPRegen 0.10/turn               (no ring)
                                (no ring)
                                (no ring)

@: flying
A: almost no armour, amphibious, 8 rings, camouflage 1, gelatinous body 1,
(nimble swimmer 1), tentacles
a: Renounce Religion


You were on level 3 of the Dungeon.
You worshipped Makhleb.
Makhleb was aware of your devotion.
You visited 1 branch of the dungeon, and saw 3 of its levels.

You collected 105 gold pieces.

Inventory:

Hand Weapons
 a - a +2 dagger
 g - a +0 scythe (weapon)
Missiles
 b - 4 poisoned darts (quivered)
 c - 34 stones
 e - a throwing net
Jewellery
 f - a ring of flight (left tentacle)
Scrolls
 h - a scroll of fear {unknown}


   Skills:
 + Level 2.8 Fighting
 + Level 2.6 Short Blades
 + Level 0.1 Polearms
 + Level 3.4 Throwing
 + Level 2.0 Dodging
 + Level 7.6 Stealth


You had 5 spell levels left.
You didn't know any spells.
Your spell library was empty.

Dungeon Overview and Level Annotations

Branches:
Dungeon (3/15)

Altars:
Makhleb

Annotations:
D:3 Grinder


Innate Abilities, Weirdness & Mutations

You cannot wear most types of armour.
You are amphibious.
You can wear up to eight rings at the same time.
Your skin changes colour to match your surroundings (Stealth+).
Your rubbery body absorbs attacks. (AC +1, EV +1)
((You are camouflaged when in or above water. (Stealth+)))
You have tentacles for arms and can constrict up to eight enemies at once.


Message History

You are too injured to fight recklessly!
You are too injured to fight recklessly!
You are too injured to fight recklessly!
You are too injured to fight recklessly!
You are too injured to fight recklessly!
You are too injured to fight recklessly!
You are too injured to fight recklessly!
You are too injured to fight recklessly!
You are too injured to fight recklessly!
You are too injured to fight recklessly!
You are too injured to fight recklessly!
You are too injured to fight recklessly!
You are too injured to fight recklessly!
You are too injured to fight recklessly!
You are too injured to fight recklessly!
You are too injured to fight recklessly!
You are too injured to fight recklessly!
You are too injured to fight recklessly!
You are too injured to fight recklessly!
You are too injured to fight recklessly!
You are too injured to fight recklessly!
You are too injured to fight recklessly!
You are too injured to fight recklessly!
You are too injured to fight recklessly!
You are too injured to fight recklessly!
You closely miss Grinder. Your grab misses Grinder.
Your squeeze misses Grinder.
Grinder is moderately wounded.
Grinder completely misses you. Grinder barely misses you.
You closely miss Grinder. Your grab misses Grinder.
Your squeeze misses Grinder.
Grinder is heavily wounded.
Grinder hits you.
* * * LOW HITPOINT WARNING * * *
You writhe in agony.
* * * LOW HITPOINT WARNING * * *
Grinder hits you.
* * * LOW HITPOINT WARNING * * *
You writhe in agony.
You die...

#.#......# #.#.#
#.#....#.# #...#
#.#....#.########
##.## ##........
#....(# ##.######
##.......###.....#
#.......#
......#..........#
#..####.#
##.....#.###.....#
#..### #
#.###....5###....#
#..(.....@....##.#
....###.#.###..#
.# # #.#.#
#...>....# .....
#.###.####
#..#..##.# #
#........#
......#### ####
...###.. ...#


You could see Grinder (very poisoned).

Vanquished Creatures
  Sigmund (D:2)
  A hound (D:3)
  2 adders (D:2)
  A worm (D:2)
  A dart slug (D:1)
  2 orcs (D:3)
  2 bats (D:1)
  3 endoplasms
  2 giant cockroaches
  A goblin (D:1)
  5 hobgoblins
  3 kobolds
  2 quokkas (D:1)
  3 ball pythons
  2 frilled lizards (D:1)
  2 rats
33 creatures vanquished.

Notes
Turn   | Place    | Note
-------+----------+-------------------------------------------
     0 | D:1      | joe1234567 the Octopode Brigand began the quest for the
                  | Orb.
     0 | D:1      | Reached XP level 1. HP: 14/14 MP: 1/1
   238 | D:1      | Reached XP level 2. HP: 7/19 MP: 2/2
   410 | D:1      | Reached skill level 6 in Stealth
  1040 | D:1      | Found a faded altar of an unknown god.
  1048 | D:1      | Prayed at the altar of an unknown god.
  1048 | D:1      | Became a worshipper of Makhleb the Destroyer
  1048 | D:1      | Reached * piety under Makhleb
  1200 | D:2      | Reached XP level 3. HP: 20/24 MP: 3/3
  1347 | D:2      | Noticed Sigmund
  1372 | D:2      | Killed Sigmund
  1373 | D:2      | Reached skill level 7 in Stealth
  1373 | D:2      | Reached XP level 4. HP: 23/30 MP: 4/4
  1373 | D:2      | Reached XP level 5. HP: 27/35 MP: 5/5
  2131 | D:3      | Reached XP level 6. HP: 34/41 MP: 6/6
  2211 | D:3      | Noticed Grinder
  2332 | D:3      | HP: 2/41 [Grinder (6)]
  2332 | D:3      | Slain by Grinder

Illustrated notes

Levels and vault maps discovered:
D:1:      matt_arrival_refuge, layout_basic, ebering_ecumenical_altar_hall
D:2:      layout_rooms, uniq_sigmund
D:3:      layout_loops_cross, uniq_jessica, uniq_grinder

Skill      XL: |  1  2  3  4  5  6 |
---------------+-------------------+-----
Stealth        | 6 7 |  7.6
Throwing       | 3 |  3.4
Dodging        | 2 |  2.0
Fighting       | |  2.8
Short Blades   | |  2.6
Polearms       | |  0.1

Action                   |  1- 3 |  4- 6 || total
-------------------------+-------+-------++-------
Melee: Dagger            |    44 |     6 ||    50
       Constrict         |    14 |     7 ||    21
       Tentacles         |     6 |     2 ||     8
       Punch             |     1 |       ||     1
       Scythe            |       |    18 ||    18
Throw: Dart              |    21 |    34 ||    55
       Throwing net      |     1 |       ||     1
  Use: Potion            |     2 |     4 ||     6
       Scroll            |       |     1 ||     1
 Stab: Sleeping          |     1 |     1 ||     2
       Distracted        |       |     1 ||     1
Armor: Skin              |    19 |     1 ||    20
Dodge: Dodged            |    46 |    24 ||    70
